 Dungeon Crawl Stone Soup version 0.26.0-10-g1f06aea511 (webtiles) character file.

Game seed: 11512357507819054223

39 Goblin1989 the Sneak (level 3, -2/29 HPs)
             Began as a Demonspawn Delver on Feb 2, 2021.
             Was a Follower of Uskayaw.
             Slain by a centaur (8 damage)
             ... on level 5 of the Dungeon.
             The game lasted 00:02:19 (514 turns).

Goblin1989 the Sneak (Demonspawn Delver)             Turns: 514, Time: 00:02:19

Health: -2/29      AC:  3    Str: 13    XL:     3   Next: 28%
Magic:  3/3        EV: 12    Int: 11    God:    Uskayaw [*.....]
Gold:   16         SH:  0    Dex: 14    Spells: 2/2 levels left

rFire    . . .     SeeInvis .   N - +0 rapier
rCold    . . .     Faith    .   (no shield)
rNeg     . . .     Spirit   .   b - +0 leather armour
rPois    .         Reflect  .   (no helmet)
rElec    .         Harm     .   (no cloak)
rCorr    .         Rampage  .   (no gloves)
Will     .....                  (no boots)
Stlth    ++........             (no amulet)
HPRegen  0.09/turn              (no ring)
MPRegen  0.08/turn              (no ring)

@: no status effects
A: powered by pain 1, spiny 1
a: Renounce Religion, Stomp


You were on level 5 of the Dungeon.
You worshipped Uskayaw.
Uskayaw was noncommittal.
You visited 1 branch of the dungeon, and saw 1 of its levels.

You collected 16 gold pieces.

Inventory:

Hand Weapons
 a - a +0 hand axe
 N - a +0 rapier (weapon)
Missiles
 R - 20 stones (quivered) {@Q3}
Armour
 b - a +0 leather armour (worn)
Wands
 g - a wand of digging (3) {@v1}
Scrolls
 e - 2 scrolls of fear
 M - a scroll of magic mapping
 P - 2 scrolls of remove curse {unknown}
 Q - 3 scrolls of amnesia {unknown}
 S - a scroll of random uselessness {unknown}
Potions
 f - a potion of haste {@q3,}
 O - a potion of brilliance {unknown}


   Skills:
 - Level 3.0 Fighting
 + Level 2.6 Short Blades
 - Level 1.9 Axes
 - Level 1.7 Dodging
 - Level 4.5 Stealth


You had 2 spell levels left.
You didn't know any spells.
Your spell library was empty.

Dungeon Overview and Level Annotations

Branches:
Dungeon (5/15)
 Temple: D:4-7

Altars:
Uskayaw


Innate Abilities, Weirdness & Mutations

You sometimes gain a little power by taking damage.
You are partially covered in sharp spines.


Message History

Unknown command.
You start resting.
You can no longer pass through a line of other dancers.
HP restored.
Health restored: 24 You now have 16 gold pieces (gained 5).
Q - 3 scrolls labelled GEFEOM UFOFRORGH
Found 20 stones.
You see here 20 stones {@Q3}.
R - 20 stones {@Q3} A worker ant comes into view.
You throw a stone {@Q3}.
The stone {@Q3} closely misses the worker ant.
You throw a stone {@Q3}.
The stone {@Q3} hits the worker ant but does no damage.
You hit the worker ant.
The worker ant is lightly wounded.
The worker ant barely misses you.
You puncture the worker ant!
The worker ant is severely wounded.
The worker ant bites you but does no damage.
You can now pass through a line of other dancers.
You closely miss the worker ant.
The worker ant is severely wounded.
The worker ant closely misses you. x2
You barely miss the worker ant.
The worker ant is severely wounded.
The worker ant bites you.
You take 4 damage, and have 20/24 hp.
You hit the worker ant but do no damage.
The worker ant is severely wounded.
The worker ant closely misses you.
You can no longer pass through a line of other dancers.
You hit the worker ant but do no damage.
The worker ant is severely wounded.
The worker ant closely misses you.
The worker ant bites you but does no damage.
You closely miss the worker ant.
The worker ant is severely wounded.
The worker ant completely misses you.
You hit the worker ant.
The worker ant is severely wounded.
The worker ant bites you.
You are poisoned.
The worker ant poisons you!
You take 2 damage, and have 18/24 hp.
You puncture the worker ant!
You kill the worker ant!
You feel sick.
You can now pass through a line of other dancers.
Your Short Blades skill increases to level 2!
You have reached level 3!
Your experience leads to an increase in your attributes!
Increase (s)trength, (i)ntelligence, or (d)exterity?
You feel stronger.
Your demonic ancestry asserts itself...
You feel energised by your suffering.
You regained 3 hp, and now have 21/29 hp.
MP restored: 3 Unknown command.
You start resting.
You feel sick.
You can no longer pass through a line of other dancers.
You feel sick. x4
You are no longer poisoned.
You take 3 damage, and have 18/29 hp.
You start resting.
HP restored.
Health restored: 29
R - 19 stones {@Q3} (gained 1)
R - 20 stones {@Q3} (gained 1)
S - a scroll labelled BAJUAGASHU 3 orcs, an orc warrior, an orc priest and an orc wizard come into view.
Found a flail and 7 gold pieces.
Unknown command.
A centaur comes into view.
The centaur shouts!
The centaur wields a +0 shortbow.
The centaur shoots an arrow.
The arrow hits you!
The centaur shoots an arrow.
The arrow hits you!
Found a stone staircase leading up.
You see here 2 arrows.
You take 14 damage, and have 15/29 hp.
MASSIVE DAMAGE!!
As you read the scroll of fog, it crumbles to dust.
The scroll dissolves into smoke.
The centaur shoots an arrow.
The arrow hits you!
* * * LOW HITPOINT WARNING * * *
You take 7 damage, and have 8/29 hp.
MASSIVE DAMAGE!!
The centaur unwields a +0 shortbow.
The centaur hits you but does no damage.
An adder skeleton comes into view.
You see here 2 arrows.
You hit the centaur.
The centaur is lightly wounded.
The centaur is struck by your spines. The centaur hits you.
* * * LOW HITPOINT WARNING * * *
The centaur is struck by your spines. The centaur misses you.
You take 2 damage, and have 6/29 hp.
You hit the centaur.
The centaur is moderately wounded.
The centaur is struck by your spines. The centaur hits you!
You die...

███ ████...██
████.......██
███...........██
██§§§...........█
███Z§§§§..........█
█.§c@§§§.........█
<....██§§§§.........█
..c█
█§§§§.......█████ ..
█.........███....
██......█........
███.████.......█ ███
█..██.███. █..█....█.
█.........


You could see a centaur and an adder skeleton.

Vanquished Creatures
  A worker ant (D:5)
  A hound skeleton (D:5)
  A giant cockroach (D:5)
  2 quokkas (D:5)
5 creatures vanquished.

Notes
Turn   | Place    | Note
-------+----------+-------------------------------------------
     0 | D:5      | Goblin1989 the Demonspawn Delver began the quest for the
                  | Orb.
     0 | D:5      | Reached XP level 1. HP: 18/18 MP: 1/1
    33 | D:5      | Found a hide-covered altar of Uskayaw.
    53 | D:5      | Became a worshipper of Uskayaw the Reveller
    94 | D:5      | Reached * piety under Uskayaw
   213 | D:5      | Reached ** piety under Uskayaw
   215 | D:5      | Reached skill level 1 in Short Blades
   215 | D:5      | Gained mutation: You are partially covered in sharp spines.
                  | [demonic ancestry]
   215 | D:5      | Reached XP level 2. HP: 20/24 MP: 2/2
   313 | D:5      | Gained mutation: You sometimes gain a little power by
                  | taking damage. [demonic ancestry]
   313 | D:5      | Reached XP level 3. HP: 21/29 MP: 3/3
   476 | D:5      | Noticed an orc warrior
   506 | D:5      | Noticed a centaur
   514 | D:5      | Slain by a centaur

Illustrated notes

Levels and vault maps discovered:
D:5:      layout_cave_pods, eat_drink_and_be_merry_uskayaw,
          amethyst_overflow_temple_binary, gammafunk_ghost_necromancy,
          guppyfry_early_orc_mine, uniq_grinder

Skill      XL: |  1  2 |
---------------+-------+-----
Short Blades   | 1 2 |  2.6
Fighting       | |  3.0
Axes           | |  1.9
Dodging        | |  1.7
Stealth        | |  4.5

Action                   || total
-------------------------++-------
Melee: Rapier            ||    22
       Hand axe          ||     2
Throw: Stone             ||     2
  Use: Scroll            ||     1
Armor: Leather armour    ||     7
Dodge: Dodged            ||    16
